 Dungeon Crawl Stone Soup version 0.22.1-1-ga44c0e5 (webtiles) character file.

154 Fang the Skirmisher (level 5, 0/49 HPs)
             Began as a Gargoyle Berserker on Sept 23, 2018.
             Was a Believer of Trog.
             Slain by an orc warrior
             ... wielding a +2 mace of crushing
              (3 damage)
             ... on level 4 of the Dungeon.
             The game lasted 00:03:22 (2761 turns).

Fang the Skirmisher (Gargoyle Berserker)            Turns: 2761, Time: 00:03:23

Health: 0/49       AC:  6    Str: 28    XL:     5   Next: 35%
Magic:  5/5        EV: 12    Int:  8    God:    Trog [**....]
Gold:   162        SH:  0    Dex:  9    Spells: 4/4 levels left

rFire    . . .     SeeInvis .   w - +0 hand axe (chop)
rCold    . . .     Gourm    .   (no shield)
rNeg     + . .     Faith    .   b - +0 animal skin
rPois    ∞         Spirit   .   (no helmet)
rElec    +         Reflect  .   (no cloak)
rCorr    .         Harm     .   (no gloves)
MR       .....                  (no boots)
Stlth    ..........             (no amulet)
HPRegen  0.16/turn              d - +2 ring of strength
MPRegen  0.09/turn              s - ring of flight

@: confused, berserking, very quick
A: negative energy resistance 1, electricity resistance, unbreathing,
petrification resistance, rot immunity, AC +4
a: Berserk, Trog's Hand, Renounce Religion, Evoke Flight


You were on level 4 of the Dungeon.
You worshipped Trog.
Trog was pleased with you.
You were near starving.

You visited 1 branch of the dungeon, and saw 4 of its levels.

You collected 162 gold pieces.

Inventory:

Hand Weapons
 a - a +0 hand axe
 w - a +0 hand axe of chopping (weapon)
Armour
 b - a +0 animal skin (worn)
Jewellery
 d - a +2 ring of strength (left hand)
 s - a ring of flight (right hand)
 t - a +5 ring of dexterity {unknown}
 v - an uncursed ring of protection from fire {unknown}
Scrolls
 g - a scroll of noise {unknown}
 j - 3 scrolls of remove curse {unknown}
 k - a scroll of immolation {unknown}
 l - 6 scrolls of identify {unknown}
 m - a scroll of enchant armour {unknown}
 p - a scroll of fear {unknown}
 q - 2 scrolls of teleportation {unknown}
Potions
 e - 2 potions of flight {unknown}
 f - 2 potions of ambrosia {unknown}
 h - 2 potions of curing {unknown}
 i - 2 potions of mutation {unknown}
 n - a potion of berserk rage {unknown}
 o - a potion of heal wounds {unknown}
 r - a potion of lignification {unknown}
 u - a potion of resistance {unknown}
Comestibles
 c - 8 rations


   Skills:
 + Level 4.1 Fighting
 + Level 4.1 Axes
 + Level 2.4 Armour
 + Level 2.5 Dodging
 + Level 1.1 Stealth


You had 4 spell levels left.
You didn't know any spells.
Your spell library was empty.

Dungeon Overview and Level Annotations

Branches:
Dungeon (4/15)
 Temple: D:4-7

Altars:
Ashenzari
Makhleb
Nemelex Xobeh
The Shining One


Innate Abilities, Weirdness & Mutations

You are resistant to torment.
Your stone body is resilient. (AC +4)
You are immune to poison.
You resist negative energy. (rN+)
You are resistant to electric shocks. (rElec)
You can survive without breathing.
You are immune to petrification.
You are immune to rotting.


Message History

The ogre shouts!
The orc shouts!
The orc warrior hits you with a mace of crushing!
Found a scroll labeled CUQIQA LYLIT.
You see here a club.
You are too injured to fight recklessly!
A red film seems to cover your vision as you go berserk!
You feel yourself moving faster!
You feel mighty!
You are near starving!
Something hits you.
* * * LOW HITPOINT WARNING * * *
The orc warrior barely misses you.
You closely miss the orc warrior. You slash something!
Something hits you but does no damage. The orc warrior barely misses you.
You barely miss the orc warrior. You barely miss something.
You hear some strange, mumbled words.
You are confused.
Unknown command.
The orc warrior hits you with a mace of crushing!
* * * LOW HITPOINT WARNING * * *
You die...

... ..#####...
.##.#
##!......##
....##..........
.............#
........$...#
.?#)).....)#
#.#..<.....#
#.#.......?..
#@)###.####.#
#oo# .# #..s# ##
##..# #.O# ##.#
.. .#.


You could see an orc warrior, an ogre, an orc and a giant cockroach.

Vanquished Creatures
  Robin (D:2)
  5 adders
  An ooze (D:3)
  A dart slug (D:1)
  A leopard gecko (D:1)
  16 orcs
  5 bats
  2 giant cockroaches
  12 goblins
  7 hobgoblins
  A quokka (D:3)
  A ball python (D:2)
  2 frilled lizards
  10 kobolds
  5 rats
70 creatures vanquished.

Vanquished Creatures (others)
  A plant (D:1)
1 creature vanquished.

Grand Total: 71 creatures vanquished

Notes
Turn   | Place    | Note
-------+----------+-------------------------------------------
     0 | D:1      | Fang the Gargoyle Berserker began the quest for the Orb.
     0 | D:1      | Reached XP level 1. HP: 14/14 MP: 1/1
   419 | D:1      | Reached XP level 2. HP: 13/19 MP: 2/2
   999 | D:2      | Found a shattered altar of Ashenzari.
  1033 | D:2      | Reached XP level 3. HP: 24/24 MP: 3/3
  1158 | D:2      | Noticed Robin
  1169 | D:2      | Reached ** piety under Trog
  1181 | D:2      | Killed Robin
  1181 | D:2      | Reached XP level 4. HP: 23/29 MP: 4/4
  1277 | D:2      | Found a glowing golden altar of the Shining One.
  1293 | D:2      | Found a burning altar of Makhleb.
  2318 | D:3      | Reached XP level 5. HP: 27/33 MP: 5/5
  2604 | D:3      | Reached skill level 1 in Stealth
  2624 | D:3      | Found a sparkling altar of Nemelex Xobeh.
  2754 | D:4      | Noticed an orc warrior
  2757 | D:4      | Noticed an ogre
  2761 | D:4      | Slain by an orc warrior

Skill      XL: |  1  2  3  4  5 |
---------------+----------------+-----
Axes           | 3 4 |  4.1
Dodging        | 2 |  2.5
Fighting       | 4 |  4.1
Stealth        | 1 |  1.1
Armour         | |  2.4

Action                   |  1- 3 |  4- 6 || total
-------------------------+-------+-------++-------
Melee: Hand axe          |   111 |   148 ||   259
Invok: Berserk           |     3 |     4 ||     7
 Stab: Sleeping          |       |     4 ||     4
  Eat: Chunk             |     3 |     8 ||    11
Armor: Animal skin       |    36 |    40 ||    76
Dodge: Dodged            |    84 |    93 ||   177
